 Dungeon Crawl Stone Soup version 0.24-a0-307-gf989941d98 (webtiles) character file.

Game seed: 1489668478274516268

9 Esekla the Magician (level 2, -3/18 HPs)
             Began as an Octopode Wizard on May 13, 2019.
             Slain by a hobgoblin
             ... wielding a +0 club
              (8 damage)
             ... on level 2 of the Dungeon.
             The game lasted 00:04:07 (494 turns).

Esekla the Magician (Octopode Wizard)                Turns: 494, Time: 00:04:07

Health: -3/18      AC:  1    Str:  6    XL:     2   Next: 16%
Magic:  2/6        EV: 13    Int: 20    God:
Gold:   4          SH:  0    Dex: 10    Spells: 4/7 levels left

rFire    . . .     SeeInvis .   f - +0 short sword
rCold    . . .     Gourm    .   (no shield)
rNeg     . . .     Faith    .   a - +0 hat
rPois    .         Spirit   .   (no amulet)
rElec    .         Reflect  .   (no ring)
rCorr    .         Harm     .   (no ring)
MR       .....                  (no ring)
Stlth    +++.......             (no ring)
HPRegen  0.06/turn              (no ring)
MPRegen  0.10/turn              (no ring)
                                (no ring)
                                (no ring)

@: very slightly contaminated
A: almost no armour, stealthy swim, amphibious, 8 rings, constrict 8, camouflage
1, gelatinous body 1
a: no special abilities


You were on level 2 of the Dungeon.
You were not hungry.

You visited 1 branch of the dungeon, and saw 2 of its levels.

You collected 4 gold pieces.

Inventory:

Hand Weapons
 f - a +0 short sword (weapon)
 g - a cursed -2 falchion
Armour
 a - a +0 hat (worn)
Jewellery
 d - an uncursed ring of stealth {unknown}
Scrolls
 b - a scroll of identify {unknown}
 e - a scroll of remove curse {unknown}
Comestibles
 c - a ration


   Skills:
 * Level 0.9 Fighting
 * Level 2.5 Dodging
 - Level 2.6 Stealth
 - Level 3.0 Spellcasting
 + Level 1.0 Conjurations
   Level 1.0 Summonings
 + Level 1.0 Translocations


You had 4 spell levels left.
You knew the following spells:

 Your Spells              Type           Power        Failure   Level  Hunger
a - Magic Dart            Conj           #...         10%         1    None
b - Blink                 Tloc           N/A          14%         2    ##.....

Your spell library contained the following spells:

 Spells                   Type           Power        Failure   Level  Hunger
 Call Imp                 Summ           #.......     14%         2    ##.....
 Slow                     Hex            #.......     22%         2    ##.....
 Conjure Flame            Conj/Fire      #.......     34%         3    ###....
 Mephitic Cloud           Conj/Pois/Air  #.......     36%         3    ###....


Dungeon Overview and Level Annotations

Branches:
Dungeon (2/15)

Altars:


Innate Abilities, Weirdness & Mutations

You cannot wear most types of armour.
You are very stealthy in the water. (Stealth+)
You are amphibious.
You can wear up to eight rings at the same time.
You can use your tentacles to constrict eight enemies at once.
Your skin changes colour to match your surroundings (Stealth+).
Your rubbery body absorbs attacks. (AC +1, EV +1)


Message History

Casting: Magic Dart (safe; 10% risk of failure)
Confirm with . or Enter, or press ? or * to list all spells.
You blink.
A hobgoblin and a kobold come into view.
The kobold throws a stone.
The stone closely misses you.
The kobold throws a stone.
The stone closely misses you.
Found a glowing falchion.
The jackal closely misses you.
The leopard gecko completely misses you.
The kobold closely misses you.
The hobgoblin hits you but does no damage.
You see here a glowing falchion.
g - a glowing falchion The jackal closely misses you.
The leopard gecko barely misses you. The kobold misses you.
The hobgoblin hits you with a +0 club.
* * * LOW HITPOINT WARNING * * *
The jackal barely misses you.
The kobold throws a stone.
The stone misses you.
The jackal bites you but does no damage.
The hobgoblin hits you with a +0 club!
You die...

†.....### #.###.# #####
#.# #.# #...... #.# #.#
#..#h# ..# #.# #...# #
#####.#######.^# # .#
#............#[##.#..#
###.#.####.#..hh#..#..
......# #.#†##.#@##.#.##
###.####.###§#Shg.K.....
##...##.# ##..K(..(####
#).#..## #.######.#
..###.# #. .# ...#..# #.
# ##...## # #####


You could see an adder, 3 jackals, a hobgoblin and 2 kobolds.

Vanquished Creatures
  A giant cockroach (D:1)
  A goblin (D:1)
  A jackal (D:2)
  A bat (D:1)
  2 frilled lizards
  A kobold (D:2)
  4 rats
11 creatures vanquished.

Notes
Turn   | Place    | Note
-------+----------+-------------------------------------------
     0 | D:1      | Esekla the Octopode Wizard began the quest for the Orb.
     0 | D:1      | Reached XP level 1. HP: 11/11 MP: 4/4
   446 | D:2      | Reached XP level 2. HP: 18/18 MP: 4/6
   460 | D:2      | Learned a level 2 spell: Blink
   494 | D:2      | Slain by a hobgoblin

Levels and vault maps discovered:
D:1:      saegor_arrival_under_anarchy, layout_loops_ring, minmay_misc_feat_iff,
          minmay_tetromino_s4
D:2:      layout_loops_ring, chequers_serial_rivers_micro_c,
          minmay_small_reverse_x, uniq_robin, uniq_sigmund

Action                   || total
-------------------------++-------
Melee: Dagger            ||     9
       Constrict         ||     3
       Tentacles         ||     3
       Unarmed           ||     2
       Short sword       ||     4
 Cast: Magic Dart        ||    10
       Blink             ||     1
 Stab: Sleeping          ||     1
Armor: Skin              ||     6
Dodge: Dodged            ||    19

Table legend:
 A = Non-vault XP
 B = Vault XP
 C = Vault XP percentage of total XP
 D = Non-vault monster count
 E = Vault monster count
 F = Vault count percentage of total count
                 A         B        C        D         E       F
            +---------+---------+-------+---------+---------+-------
      Total |      14 |       0 |   0.0 |      11 |       0 |   0.0
            +---------+---------+-------+---------+---------+-------
        D:1 |       8 |       0 |   0.0 |       6 |       0 |   0.0
        D:2 |       6 |       0 |   0.0 |       5 |       0 |   0.0
            +---------+---------+-------+---------+---------+-------
